 Dungeon Crawl Stone Soup version 0.27.1-2-g3b301248ec (webtiles) character file.

Game seed: 10402279942936206982

1955 MisterFreud the Nimble (level 8, -5/38 HPs)
             Began as a Felid Berserker on Sept 30, 2021.
             Was an Elder of Trog.
             Slain by a killer bee (7 damage)
             ... on level 8 of the Dungeon.
             The game lasted 00:09:48 (10619 turns).

MisterFreud the Nimble (Felid Berserker)           Turns: 10619, Time: 00:09:49

Health: -5/38      AC:  2    Str: 13    XL:     8   Next: 99%
Magic:  9/9        EV: 26    Int:  8    God:    Trog [****..]
Gold:   260        SH:  0    Dex: 19    Spells: 7/7 levels left
                                        Lives:  0   Deaths: 2

rFire    . . .     SeeInvis +     - Unarmed
rCold    . . .     Faith    .   (shield unavailable)
rNeg     . . .     Spirit   .   (armour unavailable)
rPois    .         Reflect  .   (helmet unavailable)
rElec    .         Harm     .   (cloak unavailable)
rCorr    .         Rampage  .   (gloves unavailable)
Will     +....                  (boots unavailable)
Stlth    ++++......             (no amulet)
HPRegen  0.12/turn              (no ring)
MPRegen  0.11/turn              (no ring)

@: lethally poisoned (-5 -> -12), quick
A: very small, claws 1, fangs 3, see invisible, speed 1, shaggy fur 2, stealthy
paws, no weapons or thrown items, no armour, multi-lived
a: Renounce Religion, Berserk, Trog's Hand, Brothers in Arms


You were on level 8 of the Dungeon.
You worshipped Trog.
Trog was greatly pleased with you.
You visited 1 branch of the dungeon, and saw 8 of its levels.

You collected 334 gold pieces.
You spent 74 gold pieces at shops.

Inventory:

Wands
 x - a wand of mindburst (8)
 y - a wand of flame (23)
 z - a wand of iceblast (4)
 A - a wand of polymorph (10)
Scrolls
 b - a scroll of noise
 c - a scroll of magic mapping
 d - 3 scrolls of blinking {unknown}
 f - 6 scrolls of teleportation
 j - 2 scrolls of enchant armour {unknown}
 k - 2 scrolls of amnesia {unknown}
 l - 2 scrolls of enchant weapon {unknown}
 n - 3 scrolls of brand weapon {unknown}
 p - a scroll of fear {unknown}
 r - 2 scrolls of holy word {unknown}
 t - a scroll of summoning {unknown}
 u - a scroll of vulnerability {unknown}
 v - a scroll of fog {unknown}
 w - a scroll of acquirement {unknown}
Potions
 a - 4 potions of curing
 e - 2 potions of brilliance
 g - a potion of ambrosia
 h - a potion of lignification
 i - 4 potions of degeneration
 q - a potion of might
 s - a potion of cancellation {unknown}


   Skills:
 - Level 6.0 Fighting
 + Level 11.4 Dodging
 + Level 9.0 Stealth
 + Level 7.6 Unarmed Combat
 + Level 4.8 Evocations


You had 7 spell levels left.
You didn't know any spells.
Your spell library was empty.

Dungeon Overview and Level Annotations

Branches:
Dungeon (8/15)             Temple (0/1) D:4
   Lair: D:8-11

Altars:
Gozag
Makhleb
Okawaru
Sif Muna

Shops:
D:6 **

Annotations:
D:6 2 runed translucent doors
D:8 2 transporters, Manslay's ghost, novice DsCj


Innate Abilities, Weirdness & Mutations

You have sharp claws.
You have razor-sharp teeth.
You have supernaturally acute eyesight. (SInv)
You cover ground quickly. (Speed+)
You are covered in thick fur. (AC +2)
Your paws help you pounce on unaware monsters.
You are incapable of wielding weapons or throwing items.
You cannot wear armour.
You gain extra lives every three experience levels.


Message History

The killer bee is lightly wounded.
You feel sick. The killer bee misses you. x2
The killer bee closely misses you.
You scratch the killer bee but do no damage.
The killer bee is lightly wounded.
You feel sick. The killer bee stings you. The killer bee completely misses you.
The killer bee barely misses you.
You miss the killer bee.
You claw the killer bee, but do no damage.
The killer bee is lightly wounded.
You feel the effects of Trog's Hand fading.
You feel sick. The killer bee completely misses you. The killer bee misses you.
The killer bee closely misses you. The killer bee misses you.
You scratch the killer bee.
The killer bee is moderately wounded.
You feel sick. The killer bee misses you. The killer bee barely misses you.
The killer bee completely misses you.
You claw the killer bee!
You kill the killer bee!
Trog accepts your kill.
You feel sick.
The killer bee stings you but does no damage.
Your Stealth skill increases to level 9!
The killer bee barely misses you. The killer bee stings you.
You see here a killer bee corpse.
You closely miss the killer bee.
You feel sick. The killer bee misses you. The killer bee stings you!
* * * LOW HITPOINT WARNING * * *
You are more poisoned.
The killer bee poisons you!
You barely miss the killer bee.
You feel very sick. The killer bee misses you.
You closely miss the killer bee.
Your skin stops crawling.
You feel less strong-willed.
* * * LOW HITPOINT WARNING * * *
You feel sick. The killer bee stings you.
* * * LOW HITPOINT WARNING * * *
The killer bee stings you!
You die...

**,,,******#...............
**,,,.#* ###......#####..
**,,**,.#* ##......# ###
**,,****,.#* #......######
**,,** **,.#* ##...........
*,,** ***.## ##.......####.
*,,******* *#.# ##.##.....#
## *,,,,,,,,**
#.###†####...†# #
***,,,**,,**#.@..## ##...#*
*******,,*##y.## *#....#*
*#.....## **.###..**
##...## *.#* *#..* ##*
#...,* #.* **,.#* ****##.#*
###.,** #,***,,##
,,,**...** ##*,** *,**,,**
*,,,,,...* **,** *,...**
**,,,**#.#* **,**#...#*


You could see a killer bee.

Vanquished Creatures
  Joseph (D:7)
  Prince Ribbit (D:7)
  A hornet (D:6)
  A wyvern (D:8)
  A wraith (D:7)
  A water moccasin (D:6)
  An orc warrior (D:6)
  2 black bears
  An ice beast (D:6)
  An ogre (D:7)
  3 necrophages
  4 centaurs
  3 phantoms
  A kobold brigand (D:7)
  A bullfrog (D:6)
  A water moccasin zombie (D:6)
  A scorpion (D:6)
  3 killer bees (D:8)
  2 howler monkeys (D:8)
  3 bullfrog zombies
  3 centaur zombies
  A jelly (D:5)
  2 hounds
  8 orc priests
  A gnoll shaman (D:6)
  3 iguanas
  Natasha (D:2)
  8 orc wizards
  A hound skeleton (D:4)
  2 howler monkey zombies (D:6)
  3 howler monkey skeletons
  4 gnolls
  An adder (D:4)
  A shadow imp (D:5)
  2 white imps (D:7)
  An ufetubus (D:4)
  An adder skeleton (D:3)
  An adder zombie (D:5)
  A dart slug (D:4)
  28 orcs
  7 endoplasms
  A giant cockroach (D:1)
  5 goblins
  6 hobgoblins
  A quokka (D:1)
  7 ball pythons
  3 bats
  3 frilled lizards
  11 kobolds
  4 rats
  A spectral goblin (D:3)
155 creatures vanquished.

Vanquished Creatures (others)
  2 plants (D:5)
2 creatures vanquished.

Grand Total: 157 creatures vanquished

Notes
Turn   | Place    | Note
-------+----------+-------------------------------------------
     0 | D:1      | MisterFreud the Felid Berserker began the quest for the
                  | Orb.
     0 | D:1      | Reached XP level 1. HP: 10/10 MP: 2/2
    34 | D:1      | Reached skill level 1 in Stealth
    34 | D:1      | Reached XP level 2. HP: 8/14 MP: 3/3
  1705 | D:2      | Reached XP level 3. HP: 17/17 MP: 4/4
  2085 | D:2      | Reached XP level 4. HP: 21/21 MP: 5/5
  2171 | D:2      | Noticed Natasha
  2181 | D:2      | Killed Natasha
  3044 | D:3      | Found a burning altar of Makhleb.
  3052 | D:3      | Reached ** piety under Trog
  3299 | D:3      | Reached XP level 5. HP: 12/24 MP: 6/6
  3580 | D:3      | Found a faded altar of an unknown god.
  3856 | D:3      | Reached skill level 5 in Stealth
  4091 | D:4      | Noticed a necrophage
  4112 | D:4      | Killed a necrophage
  4113 | D:4      | Reached skill level 5 in Unarmed Combat
  4113 | D:4      | Gained mutation: You are covered in thick fur. (AC +2)
                  | [Felid growth]
  4113 | D:4      | Reached XP level 6. HP: 20/28 MP: 7/7
  4716 | D:4      | Found a staircase to the Ecumenical Temple.
  4930 | D:4      | Reached skill level 5 in Dodging
  5202 | D:5      | Entered Level 5 of the Dungeon
  5292 | D:5      | Reached *** piety under Trog
  5355 | D:5      | Reached XP level 7. HP: 31/31 MP: 8/8
  5371 | D:5      | Reached skill level 6 in Dodging
  5787 | D:5      | Reached skill level 7 in Dodging
  6130 | D:5      | Found a shimmering blue altar of Sif Muna.
  6135 | D:5      | Reached skill level 8 in Dodging
  6745 | D:5      | Reached skill level 9 in Dodging
  6745 | D:5      | Reached XP level 8. HP: 24/34 MP: 9/9
  6951 | D:6      | Found Tizeqat's Mayhem Merchandise.
  7122 | D:6      | Found Axurrett's Assorted Antiques.
  7129 | D:6      | Bought a scroll labelled MEREEM YRULITI for 19 gold pieces
  7129 | D:6      | Bought a scroll labelled NONIAVV WOFOA for 19 gold pieces
  7129 | D:6      | Bought a sapphire potion for 17 gold pieces
  7129 | D:6      | Bought a scroll labelled MEREEM YRULITI for 19 gold pieces
  7136 | D:6      | Reached skill level 10 in Dodging
  7325 | D:6      | Reached skill level 5 in Fighting
  7512 | D:6      | Found a large runed translucent door.
  7513 | D:6      | Found a large runed translucent door.
  7751 | D:6      | Reached **** piety under Trog
  8175 | D:7      | Noticed a hornet
  8182 | D:6      | Killed a hornet
  8183 | D:6      | Reached skill level 1 in Evocations
  8374 | D:7      | Reached XP level 9. HP: 32/41 MP: 10/10
  8948 | D:7      | HP: 1/41 [kobold/iceblast (12)]
  8949 | D:7      | Succumbed to a kobold brigand's poison
  8950 | D:7      | Reached XP level 8. HP: -1/38 MP: 9/9
  9296 | D:7      | Noticed Prince Ribbit
  9324 | D:7      | Slain by Prince Ribbit
  9325 | D:7      | Reached XP level 7. HP: -4/34 MP: 8/8
  9357 | D:7      | Killed Prince Ribbit
  9358 | D:7      | Reached skill level 11 in Dodging
  9358 | D:7      | Reached XP level 8. HP: 33/38 MP: 9/9
  9501 | D:7      | Found an opulent altar of Gozag.
  9501 | D:7      | Found an iron altar of Okawaru.
  9666 | D:7      | Noticed Joseph
  9674 | D:7      | Killed Joseph
  9931 | D:8      | Found a transporter.
  9932 | D:8      | Noticed Manslay's ghost (novice DsCj)
 10156 | D:8      | Found a transporter.
 10165 | D:8      | Noticed a moth of wrath
 10607 | D:8      | HP: 1/38 [poisoned by a killer bee]
 10619 | D:8      | Slain by a killer bee

Illustrated notes

Levels and vault maps discovered:
D:1:      nicolae_arrival_washed_ashore, layout_loops_cross,
          serial_co_window_serial, co_window_paths_b, co_window_cross_1,
          co_window_paths_a, co_window_corner_a, co_window_paths_b,
          co_window_corner_b, co_window_broadway_a, co_window_corner_b,
          co_window_corner_b, co_window_of_opportunity_c,
          co_window_of_opportunity_b, co_window_corner_b, glass_columns_a,
          glass_columns_c, glass_columns_c, glass_columns_a
D:2:      cheibrodos_pilgrimage, layout_loops_cross, minivault_27,
          kennysheep_cluttered_room, hangedman_abyss_or_decor_lesser_grid,
          uniq_natasha
D:3:      layout_loops_ring, nicolae_overflow_crystal_walls,
          dreamdust_ecumenical_altar_drowned_temple
D:4:      layout_basic, temple_fountains
D:5:      layout_gridville, kennysheep_orc_sif_temple, serial_bayou_lagoon_b
D:6:      layout_gridville, jmf_multi_god_temple2, serial_shops,
          nicolae_shop_temple_entry_statues_fountains, minmay_shop_mayhem,
          grunt_decor_clamped
D:7:      layout_rooms, gammafunk_temple_overflow_elements, serial_aquarium,
          aquarium_bridge_square [aquarium_subvault_bridge,
          aquarium_subvault_window, aquarium_subvault_wall,
          aquarium_subvault_bridge], aquarium_window_2, aquarium_window_1,
          aquarium_window_1, aquarium_view_2b, aquarium_view_2e,
          aquarium_pool_side, feat_on_display, uniq_joseph, uniq_prince_ribbit1
D:8:      layout_layer_cave, gammafunk_ghost_berserking_beasts

Skill      XL: |  1  2  3  4  5  6  7  8  9 |
---------------+----------------------------+-----
Stealth        | 1 2 3 4 6 8 9 7 |  9.0
Unarmed Combat | 4 5 6 7 |  7.6
Dodging        | 5 11 10 | 11.4
Fighting       | 6 |  6.0
Evocations     | 4 2 |  4.8

Action                   |  1- 3 |  4- 6 |  7- 9 || total
-------------------------+-------+-------+-------++-------
Melee: Unarmed           |    59 |   127 |   334 ||   520
       Bite              |     1 |    10 |    50 ||    61
       Punch             |       |     1 |     8 ||     9
Invok: Berserk           |     2 |     7 |    16 ||    25
       Trog's Hand       |       |       |     3 ||     3
  Use: Scroll            |       |       |     8 ||     8
       Potion            |       |       |     2 ||     2
 Stab: Sleeping          |     4 |    11 |     8 ||    23
       Distracted        |       |       |     1 ||     1
Armor: Skin              |       |     5 |    14 ||    19
Dodge: Dodged            |    31 |    81 |   377 ||   489
